[Event "Polofinale MCR junioru 2023"]
[Site "Czech Republic"]
[Date "2023.11.13"]
[Round "3.21"]
[White "Roubal, Matyas"]
[Black "Andrle, Filip"]
[Result "1/2-1/2"]
[TimeControl "90 min per 40 moves + 15 min + 30 sec / move from move 1"]
[WhiteFideId "23727152"]
[BlackFideId "23718749"]
[WhiteElo "1837"]
[BlackElo "2005"]

1. e4 c5 2. Nf3 Nc6 3. d4 cxd4 4. Nxd4 Nf6 5. Nc3 d6 6. f3 e5 7. Nb3 Be6 8. Be3 Be7 9. Nd5 Rc8 10.
Be2 O-O 11. Qd2 Kh8 12. O-O-O Nd4 13. Nxd4 exd4 14. Bxd4 Nxd5 15. exd5 Bf5 16. Bd3 Bg5 17. Be3 Bxd3 18. Qxd3 Bxe3+ 19. Qxe3 Re8 20. Qd2 Re7 21. Rhe1 Rec7 22. c3 b5 23. Kb1 Qf6 24. Re3 b4 25. cxb4 Qg6+ 26. Re4 Rc4 27. Rde1 h6 28.
Qd3 Rxe4 29. fxe4 Qxg2 30. Qe2 Qg6 31. Qb5 Qg2 32. Qe2 Qg6 1/2-1/2

[Event "Polofinale MCR junioru 2023"]
[Site "Czech Republic"]
[Date "2023.11.13"]
[Round "3.22"]
[White "Sprinar, Michal"]
[Black "Simunek, Jakub Simon"]
[Result "1/2-1/2"]
[TimeControl "90 min per 40 moves + 15 min + 30 sec / move from move 1"]
[WhiteFideId "23714190"]
[BlackFideId "23709464"]
[WhiteElo "1742"]
[BlackElo "1970"]

1. e4 e6 2. d4 d5 3. Nd2 c5 4. exd5 Qxd5 5. Ngf3 cxd4 6. Bc4 Qd6 7. O-O Nf6 8. Nb3 Nc6 9. Nbxd4 Nxd4 10.
Qxd4 Qxd4 11. Nxd4 Bc5 12. Nb3 Bb6 13. Bf4 Bd7 14. Rfd1 Rc8 15. Bd3 O-O 16. h3 Nd5 17. Bd6 Rfd8 18.
c4 Be8 19. cxd5 Rxd6 20. dxe6 Rcd8 21. exf7+ Bxf7 22. Bc2 Kf8 23. Rxd6 Rxd6 24. Rd1 Rf6 25. Rd2 Re6 26. Kf1 Re5 27.
Bd3 h6 28. Be2 Bd5 29. f4 Rf5 30. g3 Bxb3 31. axb3 g5 32. Bd3 Rd5 33. fxg5 hxg5 34. Ke2 Re5+ 35. Kf3 Re3+ 36. Kg4 Bc7 37.
Kxg5 Rxg3+ 38. Kh4 Rg1 39. Bc4 Ke7 40. Re2+ Kd6 41. Rd2+ Ke7 42. Re2+ Kd6 43. Rd2+ Ke5 44. Rd7 Bb6 45.
Re7+ Kf5 46. Rf7+ Kg6 47. Rf8 Rd1 48. Kg3 Bc5 49. Re8 b6 50. Re2 a5 51. Kf3 Rd4 52. Re4 Rd8 53. Ke2 Rf8 54.
Ke1 Rf2 55. Re2 Rf3 56. Re6+ Kg5 57. Re5+ Kf4 58. Rh5 Bd4 59. Rh7 Kg3 60. Bf1 Rxb3 61. Rd7 Rb4 62. b3 Kh4 63. Bc4 Bc5 64.
Kd2 a4 65. Kc3 a3 66. Rd1 b5 67. Be6 Re4 68. Bf5 Re3+ 69. Bd3 Be7 70. b4 Bf6+ 71. Kb3 Bb2 72. Ka2 Re5 73. Rf1 Kxh3 74.
Rf5 Re3 75. Bxb5 Bc1 76. Rc5 Bb2 77. Bf1+ Kg3 78. b5 Re8 79. Rc4 Kf2 80. Rf4 Ke3 81. Ra4 Kf2 82. Bc4 Ke3 83. Bd5 Rb8 84.
Bc6 Kd3 85. Rh4 Kc3 86. Ra4 Bc1 87.
Re4 Bb2 88. Re3+ Kb4 89. Rb3+ Kc5 90. Bf3 Kb6 91. Rd3 Rh8 92. Bc6 Rh2 93. Rxa3 Bxa3+ 94. Kxa3 Rh4 95. Kb3 Kc5 96. Kc3 1/2-1/2

[Event "Polofinale MCR junioru 2023"]
[Site "Czech Republic"]
[Date "2023.11.13"]
[Round "3.23"]
[White "Svadlenka, Michal"]
[Black "Vana, Jan"]
[Result "1-0"]
[TimeControl "90 min per 40 moves + 15 min + 30 sec / move from move 1"]
[WhiteFideId "23717068"]
[BlackFideId "23726016"]
[WhiteElo "1689"]
[BlackElo "1965"]

1. e4 c5 2. Nf3 Nc6 3. d4 cxd4 4. Nxd4 Nf6 5. Nc3 e5 6. Ndb5 d6 7. Bg5 a6 8. Na3 b5 9. Nd5 Be7 10.
Bxf6 Bxf6 11. c3 O-O 12. Nc2 Rb8 13. Be2 Bg5 14. O-O Kh8 15. Qd3 f5 16. Bf3 g6 17. Rad1 a5 18. Rfe1 f4 19.
b4 Be6 20. Rb1 Ne7 21. Nxe7 Bxe7 22. Rb2 g5 23. h3 Qd7 24. bxa5 Rg8 25. Nb4 g4 26. hxg4 Bxg4 27. Bxg4 Qxg4 28.
f3 Qh5 29. Nc6 Bh4 30. Nxb8 Bxe1 31. Qxd6 Qe8 32. Nc6 Bxc3 33. Qf6+ Rg7 34. Rxb5 Bd4+ 35. Kf1 Ba7 36. Rb7 1-0

[Event "Polofinale MCR junioru 2023"]
[Site "Czech Republic"]
[Date "2023.11.13"]
[Round "3.24"]
[White "Mrazek, Adam"]
[Black "Lieber, Lukas"]
[Result "1-0"]
[TimeControl "90 min per 40 moves + 15 min + 30 sec / move from move 1"]
[WhiteFideId "23725010"]
[BlackFideId "23700688"]
[WhiteElo "1643"]
[BlackElo "1959"]

1. c4 e6 2. Nf3 Nf6 3. g3 d5 4. Bg2 c5 5. O-O Nc6 6. cxd5 exd5 7. d4 Be7 8. b3 Bg4 9. Bb2 O-O 10.
Ne5 Bh5 11. Nxc6 bxc6 12. Nd2 cxd4 13. Bxd4 c5 14. Bb2 Qd7 15. Rc1 Bg6 16. Nf3 Rac8 17. Ne5 Qc7 18. Nxg6 hxg6 19. Bxf6 Bxf6 20.
Qxd5 Rfd8 21. Qc4 Qa5 22. Bd5 Rf8 23. a4 Bg5 24. Rc3 Rcd8 25. Rf3 Rd7 26. h4 Bf6 27. e4 Rb8 28. Rc1 Rc7 29.
Kg2 Rb4 30. Qe2 Be5 31. Qe3 Qb6 32. Qg5 Qd6 33. h5 gxh5 34. Qxh5 g6 35. Qh4 Bg7 36. Rd1 Rd4 37. Rc1 a5 38.
Rh1 Rd7 39. Qg5 Rxd5 40. exd5 Qxd5 41. Qxd5 Rxd5 42. Re1 Kf8 43. Re6 Bh6 44. Rxg6 Bd2 45. Rgf6 Rd7 46. R6f5 Bb4 47. Kh3 Kg8 48.
Kg4 Rc7 49. R5f4 Bd2 50. Re4 Kg7 51. Rd3 Bb4 52. Kf5 Rc6 53. Rg4+ Kf8 54. Re4 Kg7 55. Kf4 Rf6+ 56. Ke3 Be1 57.
Rg4+ Kf8 58. f3 Ke7 59. Re4+ Kf8 60. g4 Rh6 61. Rd5 Rh2 62. Kf4 Bf2 63. Kf5 Rh3 64. Rd3 Bd4 65. Re2 Rh6 66.
f4 Rf6+ 67. Kg5 Rd6 68. Kh5 Kg7 69. g5 Rd5 70. Re7 Rf5 71. Kg4 Kg6 72. Rd7 f6 73. Rd6 Bb2 74. Rh3 Rxf4+ 75. Kxf4 Be5+ 76.
Ke4 Bxd6 77. gxf6 Kxf6 78. Rh6+ Ke7 79. Kd5 Bf4 80. Rh7+ Kf6 81. Kxc5 Kg6 82. Rd7 Kf6 83. Kb5 Ke6 84. Ra7 Bd2 85. Rxa5 Bxa5 86. Kxa5 Kd7 87.
Kb6 Kc8 88. Ka7 1-0

[Event "Polofinale MCR junioru 2023"]
[Site "Czech Republic"]
[Date "2023.11.13"]
[Round "3.25"]
[White "Meca, Viktor"]
[Black "Benes, Jachym"]
[Result "0-1"]
[TimeControl "90 min per 40 moves + 15 min + 30 sec / move from move 1"]
[WhiteFideId "23739800"]
[BlackFideId "23710870"]
[WhiteElo "1642"]
[BlackElo "1950"]

1. e4 e6 2. d4 d5 3. e5 c5 4.
c3 Nc6 5. Nf3 Qb6 6. Bd3 Bd7 7. dxc5 Bxc5 8. O-O a5 9. Nbd2 f6 10. Qe2 fxe5 11. Nxe5 Nxe5 12. Qxe5 Nf6 13. Nf3 O-O 14.
Be3 Rae8 15. Bxc5 Qxc5 16. Qd4 Qd6 17. Ne5 Bc6 18. f4 Nd7 19. Rae1 Nxe5 20. Rxe5 Rf6 21. Rfe1 Rc8 22. f5 exf5 23.
Bxf5 Rd8 24. Bc2 Rdf8 25. Bb3 Rf5 26. Re7 Qxe7 0-1

[Event "Polofinale MCR junioru 2023"]
[Site "Czech Republic"]
[Date "2023.11.13"]
[Round "3.26"]
[White "Svacina, Tobias"]
[Black "Siles, Jan"]
[Result "1-0"]
[TimeControl "90 min per 40 moves + 15 min + 30 sec / move from move 1"]
[WhiteFideId "385859"]
[BlackFideId "23715405"]
[WhiteElo "1941"]
[BlackElo "1829"]

1. e4 c5 2. Nf3 e6 3. d4 cxd4 4. Nxd4 Nf6 5. Nc3 Bb4 6. Qf3 Qb6 7. Nb3 Qc6 8. Bd3 d5 9. O-O Bxc3 10.
Qe2 O-O 11. exd5 exd5 12. bxc3 Re8 13. Qf3 Nbd7 14. Nd4 Ne5 15. Qg3 Qc5 16. Bd2 Ne4 17. Bxe4 dxe4 18. Rae1 Ng6 19. f3 Be6 20.
fxe4 Bxa2 21. Kh1 Rad8 22. Rf5 Qd6 23. e5 Qd7 24. h4 Be6 25. Rf2 Ne7 26. Bh6 Ng6 27. Bg5 Rc8 28. h5 Ne7 29.
Bf6 Ng6 30. hxg6 hxg6 31. Bg5 Bd5 32. Re3 a5 33. Qh4 f6 34. exf6 Rxe3 35. Bxe3 Rxc3 36. fxg7 Kxg7 37. Ne6+ Qxe6 38.
Bd4+ 1-0

[Event "Polofinale MCR junioru 2023"]
[Site "Czech Republic"]
[Date "2023.11.13"]
[Round "3.27"]
[White "Pressler, Tobias"]
[Black "Svadlenka, Dominik"]
[Result "1-0"]
[TimeControl "90 min per 40 moves + 15 min + 30 sec / move from move 1"]
[WhiteFideId "23715359"]
[BlackFideId "23716258"]
[WhiteElo "1937"]
[BlackElo "1725"]

1. d4 d5 2. e3 Nf6 3. Bd3 e6 4. f4 c5 5. c3 Nc6 6. Nd2 Be7 7. Ngf3 Qc7 8. Ne5 b6 9. O-O Bb7 10.
Qf3 a5 11. Rf2 Ba6 12. Bb1 cxd4 13. exd4 Nxd4 14. cxd4 Qxc1+ 15. Nf1 O-O 16. Bxh7+ 1-0

[Event "Polofinale MCR junioru 2023"]
[Site "Czech Republic"]
[Date "2023.11.13"]
[Round "3.28"]
[White "Hrbek, Jachym"]
[Black "Pistej, Tomas"]
[Result "1-0"]
[TimeControl "90 min per 40 moves + 15 min + 30 sec / move from move 1"]
[WhiteFideId "23709138"]
[BlackFideId "23750740"]
[WhiteElo "1913"]
[BlackElo "1502"]

1. e4 e5 2. Nf3 Nc6 3. Bc4 Nf6 4. d3 Bc5 5. c3 d6 6. Nbd2 Bd7 7. Bb3 h6 8. Nf1 Qe7 9. Ne3 O-O 10.
h3 a6 11. g4 Bxe3 12. Bxe3 Nxg4 13. hxg4 Bxg4 14. Rg1 h5 15. Qd2 Bxf3 16. Bg5 Qd7 17. Bf6 Bg4 18. Qg5 g6 19. Qxg6# 1-0

[Event "Polofinale MCR junioru 2023"]
[Site "Czech Republic"]
[Date "2023.11.13"]
[Round "3.29"]
[White "Veny, Jaume"]
[Black "Stocek, Martin"]
[Result "1/2-1/2"]
[TimeControl "90 min per 40 moves + 15 min + 30 sec / move from move 1"]
[WhiteFideId "397792"]
[BlackFideId "380121"]
[WhiteElo "1729"]
[BlackElo "2125"]

1. d4 f5 2. c4 Nf6 3. Nf3 e6 4. g3 d5 5. Bg2 c6 6. O-O Bd6 7. b3 Qe7 8. Bf4 Bxf4 9. gxf4 O-O 10.
Ne5 Nbd7 11. Nd2 Nxe5 12. fxe5 Ng4 13. h3 Nh6 14. f4 g5 15. Nf3 g4 16. Nh2 Kh8 17. hxg4 fxg4 18. e4 g3 19.
Nf3 Ng4 20. exd5 exd5 21. Qd2 Bf5 22. cxd5 cxd5 23. Rac1 Nf2 24. Qa5 b6 25. Qxd5 Rad8 26. Qc4 Bd3 27. Qc7 Rd7 28. Qc6 Bxf1 29.
Rxf1 Rxf4 30. d5 Ng4 31. d6 Qe6 32. Rc1 Rxf3 33. Qxf3 Rf7 34. Qxf7 Qxf7 35. Rc8+ Kg7 36. Rc7 Nxe5 37.
Bd5 Kf6 38. Bxf7 Nxf7 39. Rxa7 Nxd6 40. Rxh7 Ke5 41. Rh4 b5 42. a4 bxa4 43. bxa4 Kd5 44. a5 Kc5 45. Ra4 Nc8 46. Ra1 Kb5 47.
a6 Kb6 48. Kg2 Ka7 49. Kxg3 Ne7 50. Kf4 Nc6 51. Ke4 Nb4 52. Ke5 Nxa6 53. Kd6 Kb6 54. Rb1+ Ka5 1/2-1/2

[Event "Polofinale MCR junioru 2023"]
[Site "Czech Republic"]
[Date "2023.11.13"]
[Round "3.30"]
[White "Kulhanek, Jachym"]
[Black "Cerny, Michal"]
[Result "0-1"]
[TimeControl "90 min per 40 moves + 15 min + 30 sec / move from move 1"]
[WhiteFideId "23716193"]
[BlackFideId "391964"]
[WhiteElo "2056"]
[BlackElo "1920"]

1. e4 e5 2. Nf3 Nc6 3. Bb5 a6 4. Ba4 Nf6 5. O-O b5 6. Bb3 d6 7. c3 Bg4 8. d3 Be7 9. Re1 O-O 10. Nbd2 Re8 11. h3 Bh5 12. Nf1 Bf8 13. Ng3 Bg6 14. Bg5 Na5 15. Bc2 c5 16. a4 b4 17. cxb4 cxb4 18. d4 h6 19. Bd2 Qb6 20. d5 Rec8 21. Be3 Qb7 22. Bd3 Nc4 23. Bxc4 Rxc4 24. Nd2 Rc7 25. f3 Nd7 26. a5 f5 27. Bf2 Nc5 28. b3 Nd3 29. Rf1 Nxf2 30. Rxf2 Be7 31. Rf1 f4 32. Ne2 Be8 33. Nc4 Bb5 34. Nb6 Rb8 35. Qd2 Bd8 36. Rf2 Rc5 37. Qxb4 Bxe2 38. Rxe2 Rxa5 39. Rxa5 Qxb6+ 0-1

[Event "Polofinale MCR junioru 2023"]
[Site "Czech Republic"]
[Date "2023.11.13"]
[Round "3.31"]
[White "Urbansky, Stepan"]
[Black "Vasinek, Martin"]
[Result "1-0"]
[TimeControl "90 min per 40 moves + 15 min + 30 sec / move from move 1"]
[WhiteFideId "23761741"]
[BlackFideId "392200"]
[WhiteElo "1675"]
[BlackElo "1987"]

1. e4 c5 2. Nf3 Nc6 3. d4 cxd4 4. c3 dxc3 5. Nxc3 d6 6. Bc4 e6 7. O-O Be7 8. Qe2 a6 9. Rd1 Qc7 10.
h3 Nf6 11. Bf4 O-O 12. Rac1 b5 13. Nd5 exd5 14. Bxd5 Bb7 15. Bxc6 Bxc6 16. Nd4 Qb7 17. Nxc6 Rfc8 18. Nxe7+ Qxe7 19.
Rxc8+ Rxc8 20. Rxd6 Nxe4 21. Rxa6 Qb4 22. Rb6 Nf6 23. Rxf6 1-0

[Event "Polofinale MCR junioru 2023"]
[Site "Czech Republic"]
[Date "2023.11.13"]
[Round "3.32"]
[White "Sadil, Antonin"]
[Black "Slaby, Matej"]
[Result "1-0"]
[TimeControl "90 min per 40 moves + 15 min + 30 sec / move from move 1"]
[WhiteFideId "23735597"]
[BlackFideId "23734876"]
[WhiteElo "1648"]
[BlackElo "1940"]

1. e4 d5 2. exd5 Qxd5 3.
Nc3 Qd6 4. d4 Nf6 5. Nf3 c6 6. g3 Bg4 7.
Bg2 Nbd7 8. O-O e6 9. Bf4 Qb4 10. Rb1 Be7 11. Qd2 Nd5 12.
Nxd5 cxd5 13. c3 Qa5 14. b4 Qd8 15. Rbc1 Rc8 16. Ne5 Nxe5 17. Bxe5 O-O 18. h4 h5 19. c4 Rxc4 20. Rxc4 dxc4 21. a3 Qd7 22. Qc3 f6 23.
Bf4 b5 24. Re1 Kf7 25. Kh2 Rd8 26. Be3 Bd6 27. f4 Bc7 28. a4 a6 29. axb5 Qxb5 30. Bf1 Bd6 31. Bd2 Rb8 32. Bxc4 Qxb4 33. Qd3 Qb2 34. Kg1 Rd8 35. Rb1 Qa3 36. Rb7+ Kg8 37. Qxa3 Bxa3 38. Be3 a5 39. Rb5 Bb4 40. f5 g6 41. fxe6 Kf8 42. d5 Rc8 43.
Bf1 Bd6 44. Bh6+ Ke8 45. Rb7 Bxe6 46. dxe6 Rc7 47. Rxc7 Bxc7 48. Kg2 Ke7 49. Bc4 a4 50. Be3 Bd6 51. Kf3 1-0

[Event "Polofinale MCR junioru 2023"]
[Site "Czech Republic"]
[Date "2023.11.13"]
[Round "3.33"]
[White "Kocman, Patrik"]
[Black "Popov, Roman"]
[Result "1-0"]
[TimeControl "90 min per 40 moves + 15 min + 30 sec / move from move 1"]
[WhiteFideId "23735732"]
[BlackFideId "23732580"]
[WhiteElo "1478"]
[BlackElo "1889"]

1. e4 Nf6 2. e5 Nd5 3. d4 d6 4. exd6 cxd6 5. Nf3 g6 6. Be2 Bg7 7. O-O O-O 8. c4 Nb6 9. Nc3 Bg4 10.
b3 Nc6 11. Be3 d5 12. cxd5 Nxd5 13. Nxd5 Qxd5 14. h3 Bxf3 15. Bxf3 Qd6 16. Rc1 Rac8 17. Qd2 Bxd4 18. Rxc6 bxc6 19.
Qxd4 Qxd4 20. Bxd4 c5 21. Be3 Rc7 22. Rc1 Rfc8 23. Be2 Rc6 24. Bb5 Rb6 25. Ba4 Rb7 26. Rxc5 Rxc5 27. Bxc5 Rc7 28.
b4 Kg7 29. Kf1 f5 30. Ke2 Kf6 31. Bb3 e5 32. f3 g5 33. g4 h6 34. Bc2 fxg4 35. hxg4 Rd7 36. Be4 Rc7 37. Kd3 Rd7+ 38.
Kc4 a6 39. a4 Rd1 40. b5 Rc1+ 41. Kd5 axb5 42. axb5 1-0

[Event "Polofinale MCR junioru 2023"]
[Site "Czech Republic"]
[Date "2023.11.13"]
[Round "3.34"]
[White "Striz, Tadeas"]
[Black "Rucabado, Stefan"]
[Result "0-1"]
[TimeControl "90 min per 40 moves + 15 min + 30 sec / move from move 1"]
[WhiteFideId "23723530"]
[BlackFideId "23730315"]
[WhiteElo "1371"]
[BlackElo "1873"]

1. e4 c5 2. Nf3 d6 3. d4 cxd4 4. Nxd4 Nf6 5. Nc3 a6 6. Be3 e5 7. Nb3 Be6 8. f3 Be7 9. Qd2 h5 10.
O-O-O Nbd7 11. Be2 b5 12. a3 Rc8 13. Kb1 Nb6 14. Na5 Qc7 15. Bxb5+ axb5 16. Nxb5 Qb8 17. Nxd6+ Bxd6 18. Qxd6 Na4 19.
Qb4 Qxb4 20. axb4 O-O 21. Rd3 Rb8 22. Nc6 Rb7 23. b3 Rc8 24. b5 Kh7 25. c4 Bxc4 26. bxc4 Rxc6 27. Rc1 Nc5 28.
Ra3 Rc8 29. Ka2 Ne6 30. Rb3 Nd7 31. Rd3 Ndc5 32. Rd5 f6 33. Kb2 Nd4 34. Rd1 Na4+ 0-1

[Event "Polofinale MCR junioru 2023"]
[Site "Czech Republic"]
[Date "2023.11.13"]
[Round "3.35"]
[White "Stejskal, Michal"]
[Black "Nespurek, Jakub"]
[Result "0-1"]
[TimeControl "90 min per 40 moves + 15 min + 30 sec / move from move 1"]
[WhiteFideId "398195"]
[BlackFideId "391816"]
[WhiteElo "1872"]
[BlackElo "1680"]

1. e4 e5 2. Nf3 Nf6 3. Bc4 Nc6 4. d3 Bc5 5. Bg5 d6 6. Nc3 Bg4 7. Nd5 Nd4 8. c3 Nxf3+ 9. gxf3 Be6 10.
Qb3 Bxd5 11. Bxd5 O-O 12. Qc2 c6 13. Bb3 b5 14. a4 a5 15. axb5 cxb5 16. Rg1 Kh8 17. Ke2 Qb6 18. Bxf6 gxf6 19.
Rg2 Rg8 20. Rag1 Bxf2 21. Rxg8+ Rxg8 22. Rxg8+ Kxg8 23. Kf1 Bh4 24. Qg2+ Kf8 25. d4 exd4 26. Qh3 dxc3 27. Qxh4 cxb2 28.
Ba2 Qd4 29. Ke2 b1=Q 30. Qh6+ Ke7 31. Bxb1 Qb2+ 32. Qd2 Qxb1 33. Qxa5 Qc2+ 34. Ke3 Qc5+ 35. Kd3 b4 36. Qa6 Qc3+ 37.
Ke2 b3 38. Qb7+ Kf8 39. Qb8+ Kg7 40. Qxd6 h6 41. f4 b2 42. e5 fxe5 43. fxe5 Qc2+ 44. Ke3 Qc1+ 45. Kf3 Qf1+ 46. Kg4 b1=Q 0-1

[Event "Polofinale MCR junioru 2023"]
[Site "Czech Republic"]
[Date "2023.11.13"]
[Round "3.36"]
[White "Mydlar, Matej"]
[Black "Zezula, Matej"]
[Result "0-1"]
[TimeControl "90 min per 40 moves + 15 min + 30 sec / move from move 1"]
[WhiteFideId "23735074"]
[BlackFideId "23725796"]
[WhiteElo "1809"]
[BlackElo "1666"]

1. e4 c5 2. Nf3 d6 3. d4 cxd4 4. Nxd4 Nf6 5. Nc3 g6 6. Be3 Bg7 7. Bc4 O-O 8. f3 Nc6 9. Bb3 Bd7 10.
Qd2 Rc8 11. O-O-O a5 12. g4 Ne5 13. h4 b5 14. a3 b4 15. axb4 axb4 16. Nb1 Qa5 17. h5 Nc4 18. Bxc4 Rxc4 19.
hxg6 fxg6 20. Bh6 Nxe4 21. Qe2 Bxh6+ 22. Rxh6 Qg5+ 23. Rd2 Rxd4 0-1

[Event "Polofinale MCR junioru 2023"]
[Site "Czech Republic"]
[Date "2023.11.13"]
[Round "3.37"]
[White "Hampl, David"]
[Black "Gregor, Alexandr"]
[Result "0-1"]
[TimeControl "90 min per 40 moves + 15 min + 30 sec / move from move 1"]
[WhiteFideId "398802"]
[BlackFideId "23735813"]
[WhiteElo "1801"]
[BlackElo "1601"]

1. d4 Nf6 2. Bg5 h6 3. Bxf6 exf6 4.
g3 d5 5.
Bg2 Bf5 6. e3 c6 7. Nd2 Bd6 8. Ne2 Qd7 9. O-O Bh3 10. c4 Bxg2 11. Kxg2 dxc4 12. Nxc4 Bc7 13. Qb3 O-O 14. Rac1 b5 15.
Nd2 Bb6 16. Nf4 Na6 17. a4 Nc7 18. Rc2 Ne6 19. Nd3 Bxd4 20. exd4 Nxd4 21. Nc5 Qf5 22. Qc3 Nxc2 23. Rc1 Qd5+ 24.
Nf3 g5 25. h3 f5 26. g4 fxg4 27. hxg4 h5 28. Kg3 hxg4 29. Ne5 Nd4 30. Ncd7 Ne2+ 31. Kxg4 Qg2+ 32. Kf5 Nxc3 33. Rxc3 Qxf2+ 34. Rf3 Qc2+ 35. Kxg5 Qd2+ 36. Kh5 Qh2+ 37. Kg4 f5+ 38. Kg5 Kg7 0-1

[Event "Polofinale MCR junioru 2023"]
[Site "Czech Republic"]
[Date "2023.11.13"]
[Round "3.38"]
[White "Jurok, Vojtech"]
[Black "Sklar, Petr"]
[Result "1-0"]
[TimeControl "90 min per 40 moves + 15 min + 30 sec / move from move 1"]
[WhiteFideId "23741023"]
[BlackFideId "23731141"]
[WhiteElo "1801"]
[BlackElo "1160"]

1. e4 d6 2. d4 Nf6 3. Nc3 Nbd7 4. f4 e5 5. Nf3 exd4 6. Qxd4 c6 7. Bd2 d5 8. exd5 Bc5 9. Qd3 O-O 10.
h3 Re8+ 11. Be2 cxd5 12. O-O-O Ne4 13. Be1 Nxc3 14. Bxc3 Nf6 15. Bd4 b6 16. Rhe1 a5 17. Ne5 Qc7 18. Bf3 Ba6 19. Qc3 Bb7 20.
Bxc5 bxc5 21. g3 Ne4 22. Bxe4 dxe4 23. Rd7 Qb6 24. Rxf7 Rxe5 25. Rxb7 Qxb7 26. Qxe5 Rd8 27. Qxe4 Qf7 28.
Qe6 1-0

[Event "Polofinale MCR junioru 2023"]
[Site "Czech Republic"]
[Date "2023.11.14"]
[Round "4.1"]
[White "Jun, Rudolf"]
[Black "Vilimek, Vit"]
[Result "1-0"]
[TimeControl "90 min per 40 moves + 15 min + 30 sec / move from move 1"]
[WhiteFideId "376612"]
[BlackFideId "23718218"]
[WhiteElo "2260"]
[BlackElo "2163"]

1. e4 e5 2. Nf3 Nc6 3. Nc3 Nf6 4. Be2 Bb4 5. Nd5 Bc5 6. Nxf6+ Qxf6 7. d3 h6 8. Be3 d6 9. c3 Bg4 10. O-O Bxf3 11. Bxf3 O-O 12.
b4 Bxe3 13. fxe3 Qg5 14. Qe2 Ne7 15. a4 a5 16. b5 b6 17. d4 Rae8 18. Rae1 Kh8 19. g3 f5 20. exf5 Nxf5 21. Bc6 Rd8 22.
Be4 Ne7 23. Kg2 Ng6 24. Qd3 Ne7 25. Qe2 Ng6 26. Rxf8+ Rxf8 27. Rf1 exd4 28. cxd4 Re8 29. Qd3 Nf8 30. Bc6 Rd8 31. Qe4 Ng6 32.
Be8 Nh4+ 33. Kh1 1-0

[Event "Polofinale MCR junioru 2023"]
[Site "Czech Republic"]
[Date "2023.11.14"]
[Round "4.2"]
[White "Seidl, Jan"]
[Black "Hak, David"]
[Result "1/2-1/2"]
[TimeControl "90 min per 40 moves + 15 min + 30 sec / move from move 1"]
[WhiteFideId "23714522"]
[BlackFideId "377007"]
[WhiteElo "2224"]
[BlackElo "2253"]

1. e4 c5 2. Nf3 Nc6 3. Bc4 e6 4. O-O a6 5. Re1 Nf6 6. c3 Be7 7. e5 Nd5 8. d4 cxd4 9. cxd4 d6 10.
exd6 Qxd6 11. Nc3 O-O 12. Ne4 Qb4 13. Bb3 Rd8 14. Be3 h6 15. Rc1 Na5 16. Bd2 Qb6 17. Bxa5 Qxa5 18. Ne5 Bd7 19.
Nc5 Bxc5 20. Rxc5 Qb6 21. Bxd5 exd5 22. Qf3 Be6 23. b3 Rac8 24. Nd3 Rxc5 25. Nxc5 Rc8 26. h3 Qb4 27. Qd1 Bf5 28.
Re5 Bc2 29. Qg4 Rd8 30. Qh4 Rd6 31. Re2 Bg6 32. Qf4 Rd8 33. Qc7 Rf8 34. Qe5 Qb5 35. Re3 b6 36. Na4 Rc8 37. Nc3 Qa5 38.
Nxd5 Kh7 39. Ne7 Rc1+ 40. Kh2 Qxe5+ 41. Rxe5 Bb1 42. Re2 Rd1 43. Nd5 Rxd4 44. Nxb6 Kg6 45. Rb2 Bf5 46. b4 Be6 47.
a4 Rd6 48. Na8 Rc6 49. b5 axb5 50. Rxb5 Rc2 51. Kg3 Ra2 52. a5 Kf6 53. Nc7 Ke7 54. Nxe6 Kxe6 55. Rb6+ Kf5 56. Ra6 Ra3+ 57.
f3 f6 58. Ra8 Ra4 59. a6 Kg6 60. h4 Ra5 61. Kh3 Ra3 62. Kg3 Ra5 63. Kh2 Ra2 64. a7 h5 65. Kg3 Ra4 66. Kf2 Ra2+ 67.
Ke3 Ra3+ 68. Kd2 Kf5 69. Rh8 Rxa7 70. g3 Ke5 1/2-1/2

[Event "Polofinale MCR junioru 2023"]
[Site "Czech Republic"]
[Date "2023.11.14"]
[Round "4.3"]
[White "Skypala, Ondrej"]
[Black "Soucek, Petr"]
[Result "1-0"]
[TimeControl "90 min per 40 moves + 15 min + 30 sec / move from move 1"]
[WhiteFideId "366285"]
[BlackFideId "23715170"]
[WhiteElo "2159"]
[BlackElo "2227"]

1. c4 e6 2. g3 d5 3. Bg2 Nf6 4. Nf3 d4 5. d3 c5 6. O-O Nc6 7. e3 Bd6 8. exd4 cxd4 9. a3 a5 10.
Nbd2 h6 11. Qc2 O-O 12. Rb1 a4 13. c5 Bc7 14. b4 axb3 15. Rxb3 e5 16. Nc4 Ra7 17. Re1 Re8 18. Rb5 e4 19.
dxe4 d3 20. Qb2 Nxe4 21. Be3 Be6 22. Nd6 Bxd6 23. cxd6 Ra6 24. Bxh6 gxh6 25. Rxe4 Qxd6 26. a4 Rea8 27. Rh4 d2 28.
Nxd2 Rxa4 29. Rxh6 Qd4 30. Qxd4 Nxd4 31. Rg5+ Kf8 32. Bxb7 R8a7 33. Bd5 Rd7 34. Rhh5 Ra5 35. Rh8+ Ke7 36.
Bxe6 Ra1+ 37. Kg2 Nxe6 38. Nb3 Rb1 39. Rb5 Rdd1 40. Rhh5 Rg1+ 41. Kh3 Rb2 42. Rb7+ Kf6 43. Nc5 Rxf2 44.
Rh6+ Kg5 45. Rxe6 Rc2 46. Rc6 Re2 47. Rb5 f5 48. Ne6+ Kf6 49. Nf4+ 1-0

[Event "Polofinale MCR junioru 2023"]
[Site "Czech Republic"]
[Date "2023.11.14"]
[Round "4.4"]
[White "Jirasko, Miroslav"]
[Black "Bokhnak, Timofey"]
[Result "0-1"]
[TimeControl "90 min per 40 moves + 15 min + 30 sec / move from move 1"]
[WhiteFideId "23729414"]
[BlackFideId "14172976"]
[WhiteElo "2084"]
[BlackElo "2210"]

1. c4 e6 2. Nf3 d5 3. d4 Nf6 4. g3 Be7 5. Bg2 O-O 6. O-O c6 7. Nc3 Nbd7 8. Qd3 Re8 9. e4 dxe4 10.
Nxe4 c5 11. Rd1 cxd4 12. Nxd4 Ne5 13. Qe2 Qb6 14. Bf4 Ned7 15. Nb5 Nxe4 16. Bxe4 e5 17. Be3 Bc5 18. Nd6 Re7 19. Bf5 Bxe3 20.
fxe3 Qc7 21. c5 g6 22. Bh3 f5 23. Qc4+ Kf8 24. Rac1 Nf6 25. Nb5 Qa5 26. b4 Qa4 27. Rd8+ Kg7 28.
Rd6 Bd7 29. Nc3 Qa3 30. Rcd1 Bc6 31. b5 Bf3 32. Rf1 Rc8 33. Rxf3 Rxc5 34. Qh4 Rf7 35. Ne2 Rc2 36. Rxf6 Rxf6 37.
Bf1 e4 38. Rf2 Qxe3 39. Qf4 Qc5 40. a4 Rd6 41. g4 Rdd2 42. gxf5 Rxe2 43. Bxe2 Rxe2 0-1

[Event "Polofinale MCR junioru 2023"]
[Site "Czech Republic"]
[Date "2023.11.14"]
[Round "4.5"]
[White "Fizer, Marek"]
[Black "Hurtik, Matej"]
[Result "0-1"]
[TimeControl "90 min per 40 moves + 15 min + 30 sec / move from move 1"]
[WhiteFideId "391980"]
[BlackFideId "397997"]
[WhiteElo "2162"]
[BlackElo "2131"]

1. e4 d5 2. exd5 Nf6 3. d4 Nxd5 4. c4 Nb6 5. Nc3 g6 6. Be3 Bg7 7. h3 O-O 8. Nf3 Nc6 9. Be2 e5 10.
d5 Ne7 11. O-O f5 12. Bc5 Re8 13. d6 cxd6 14. Bxd6 e4 15. Ne5 Ned5 16. cxd5 Qxd6 17. Nc4 Nxc4 18. Nb5 Qc5 19. Bxc4 a6 20.
Na3 Bxb2 21. d6+ Kh8 22. d7 Bxd7 23. Qxd7 Rad8 24. Qxb7 Bxa1 25. Rxa1 Qxa3 26. Bxa6 Rd2 27. Qc6 Rf8 28.
Rb1 Rd6 29. Qc7 Qxa6 30. Rb7 Rd1+ 31. Kh2 Qd6+ 0-1

[Event "Polofinale MCR junioru 2023"]
[Site "Czech Republic"]
[Date "2023.11.14"]
[Round "4.6"]
[White "Winter, Ondrej"]
[Black "Pecka, Jan"]
[Result "1-0"]
[TimeControl "90 min per 40 moves + 15 min + 30 sec / move from move 1"]
[WhiteFideId "23702192"]
[BlackFideId "23712520"]
[WhiteElo "2163"]
[BlackElo "1999"]

1. e4 c5 2. Nf3 d6 3. Bb5+ Bd7 4. Bxd7+ Qxd7 5. O-O Nf6 6. Re1 e6 7. c4 Nc6 8. Nc3 Be7 9. d3 O-O 10.
a3 Ng4 11. Rb1 Nge5 12. b4 Nxf3+ 13. Qxf3 Bf6 14. Bd2 Bxc3 15. Bxc3 e5 16. Qg3 f6 17. f4 Rae8 18. f5 Rb8 19.
Qf2 b6 20. h4 Kf7 21. Qe2 Ke7 22. b5 Nd4 23. Bxd4 cxd4 24. Qh5 Qe8 25. Qg4 Rg8 26. a4 Qd7 27. Qh5 Qe8 28. Qf3 Qd7 29.
g4 h6 30. Kf2 Rh8 31. Ra1 Kd8 32. a5 Kc7 33. Ra3 Kd8 34. Rea1 Ke7 35. Qd1 Rb7 36. R1a2 Rhb8 37. Kf3 Qc7 38.
a6 1-0